 Dungeon Crawl Stone Soup version 0.29.1-12-g30fa7ad0bf (webtiles) character file.

Game seed: 61172066632607694

109 FexLirch the Digger (level 5, -2/36 (38) HPs)
             Began as a Meteoran Earth Elementalist on Jan 3, 2023.
             Slain by a wight
             ... wielding a +0 spear
              (6 damage)
             ... on level 4 of the Dungeon.
             The game lasted 00:04:09 (561 turns).

FexLirch the Digger (Meteoran Earth Elementalist)    Turns: 561, Time: 00:04:10

HP:   -2/36 (38)    AC:  4    Str: 10    XL:     5   Next: 36%
MP:   3/12          EV: 12    Int: 18    God:
Gold: 45            SH:  0    Dex: 14    Spells: 6/12 levels left

rFire   . . .      SeeInvis .   m - +2 dagger (venom)
rCold   . . .      Faith    .   (no shield)
rNeg    . . .      Spirit   .   a - +0 robe
rPois   .          Reflect  .   f - +2 hat
rElec   .          Harm     .   (no cloak)
rCorr   .          Rampage  .   (no gloves)
Will    .....                   (no boots)
Stlth   +.........              (no amulet)
HPRegen 0.12/turn               (no ring)
MPRegen 0.13/turn               (no ring)

@: glowing, drained
A: sense surroundings 1, otherworldly, glowing, explore regen
a: no special abilities


You were on level 4 of the Dungeon.
You visited 1 branch of the dungeon, and saw 4 of its levels.

You collected 45 gold pieces.

Inventory:

Hand Weapons
 e - a +0 short sword
 m - a +2 dagger of venom (weapon)
Missiles
 k - 3 poisoned darts
 l - 3 javelins
Armour
 a - a +0 robe (worn)
 f - a +2 hat (worn)
Wands
 o - a wand of mindburst (13)
Scrolls
 c - a scroll of blinking {unknown}
 d - a scroll of noise
 h - a scroll of poison
 j - a scroll of butterflies {unknown}
 p - a scroll of magic mapping {unknown}
 q - a scroll of fear {unknown}
Potions
 b - a potion of magic
 i - 3 potions of cancellation
 n - a potion of mutation {unknown}


   Skills:
 - Level 2.4 Dodging
 - Level 1.4 Stealth
 + Level 4.1 Spellcasting
 + Level 2.8 Conjurations
 - Level 1.2 Transmutations
 + Level 4.7 Earth Magic


You had 6 spell levels left.
You knew the following spells:

 Your Spells              Type           Power      Damage    Failure   Level
a - Sandblast             Erth           40%        2d10      1%          1
b - Passwall              Tmut/Erth      11%        N/A       6%          2
c - Stone Arrow           Conj/Erth      34%        3d9       9%          3

Your spell library contained the following spells:

 Spells                   Type           Power      Damage    Failure   Level
 Petrify                  Tmut/Erth      14%        N/A       38%         4


Dungeon Overview and Level Annotations

Branches:
Dungeon (4/15) Zot: 1818
 Temple: D:4-7

Altars:

Annotations:
D:1 1 runed translucent door
D:3 exclusion: 2 downstairs


Innate Abilities, Weirdness & Mutations

You passively map a small area around you.
You are easily found by Zot.
You glow in the dark.
You regain HP and MP as you explore.


Message History

Aiming: Stone Arrow (dangerous; 9% risk of failure)
Press: ? - help, Shift-Dir - straight line, f/p - wight
Aim: a wight, wielding a +4 mace and wearing a +0 robe (68% to hit)
The stone arrow hits the wight!
The wight is severely damaged.
Casting: Stone Arrow (dangerous; 9% risk of failure)
Confirm with . or Enter, or press ? or * to list all spells.
Aiming: Stone Arrow (dangerous; 9% risk of failure)
Press: ? - help, Shift-Dir - straight line, f/p - wight
Aim: a wight, wielding a +4 mace and wearing a +0 robe (severely damaged, 68% to hit)
Okay, then.
Unknown command.
Casting: Stone Arrow (dangerous; 9% risk of failure)
Confirm with . or Enter, or press ? or * to list all spells.
Aiming: Sandblast (safe; 1% risk of failure)
Press: ? - help, Shift-Dir - straight line, f/p - wight
Aim: a wight, wielding a +4 mace and wearing a +0 robe (severely damaged, 83% to hit)
The blast of sand hits the wight but does no damage.
The wight is severely damaged.
The wight hits you with a +4 mace!
Casting: Sandblast (safe; 1% risk of failure)
Confirm with . or Enter, or press ? or * to list all spells.
Aiming: Sandblast (safe; 1% risk of failure)
Press: ? - help, Shift-Dir - straight line, f/p - wight
Aim: a wight, wielding a +4 mace and wearing a +0 robe (severely damaged, 83% to hit)
The blast of sand hits the wight but does no damage.
The wight is severely damaged.
The wight misses you.
The wight hits you from afar with a +0 spear.
You feel drained.
The hobgoblin hits you but does no damage.
The wight hits you from afar with a +0 spear.
There is a stone staircase leading up here.
The wight hits you with a +4 mace!
* * * LOW HITPOINT WARNING * * *
You feel drained.
* * * LOW HITPOINT WARNING * * *
The hobgoblin closely misses you.
The wight hits you from afar with a +0 spear.
You die...

#### #... , #####..##
#... , ## ##.......#
#..# ,..##
#......#.#####..###.....
##.....#....##..........
###...##.#..#..).......
##...###.###.#.......
##...........#.......
#...@g.......#.......
##..zz.......g.......
#..##.z..##..........
#........###..z......
#.......##,#...z....z
#.....##... #......z
#......,...#.#.##.)..
##..#.#,..#.,.. , ,
##### ###.. ..


You could see 3 wights and a hobgoblin.

Vanquished Creatures
  An orc wizard (D:3)
  A gnoll (D:3)
  5 adders
  A worm (D:4)
  A dart slug (D:3)
  6 orcs
  An endoplasm (D:1)
  4 ball pythons
  2 bats
  A frilled lizard (D:1)
  A kobold (D:2)
  A rat (D:3)
25 creatures vanquished.

Notes
Turn   | Place    | Note
-------+----------+-------------------------------------------
     0 | D:1      | FexLirch the Meteoran Earth Elementalist began the quest
                  | for the Orb.
     0 | D:1      | Reached XP level 1. HP: 14/14 MP: 5/5
     1 | D:1      | Found a runed translucent door.
    14 | D:2      | Reached skill level 1 in Conjurations
    14 | D:2      | Reached XP level 2. HP: 20/20 MP: 5/7
    24 | D:2      | Learned a level 2 spell: Passwall
    84 | D:2      | Reached XP level 3. HP: 23/26 MP: 3/8
   129 | D:2      | Learned a level 3 spell: Stone Arrow
   205 | D:3      | Reached XP level 4. HP: 25/33 MP: 4/10
   351 | D:3      | Reached XP level 5. HP: 38/38 MP: 3/11
   561 | D:4      | Slain by a wight

Illustrated notes

Levels and vault maps discovered:
D:1:      dpeg_arrival_caged_fury, layout_basic, ebering_ecumenical_altar_box
D:2:      layout_loops_cross, serial_shops, shop, kennysheep_nub, minivault_23,
          minmay_randomly_rotated_circles
D:3:      layout_loops_ring
D:4:      layout_cave_pools

Skill      XL: |  1  2  3  4  5 |
---------------+----------------+-----
Spellcasting   | 3 4 |  4.1
Conjurations   | 1 2 |  2.8
Earth Magic    | 4 |  4.7
Dodging        | |  2.4
Stealth        | |  1.4
Transmutations | |  1.2

Action                   |  1- 3 |  4- 6 || total
-------------------------+-------+-------++-------
Melee: Short sword       |       |     4 ||     4
       Dagger            |       |     1 ||     1
 Cast: Sandblast         |    18 |    22 ||    40
       Stone Arrow       |     1 |     6 ||     7
       Passwall          |     1 |     1 ||     2
  Use: Scroll            |       |     4 ||     4
 Stab: Sleeping          |       |     1 ||     1
Armor: Robe              |     1 |     6 ||     7
Dodge: Dodged            |     4 |    10 ||    14
